 Dungeon Crawl Stone Soup version 0.29.1-13-g9f3cf754e1 (webtiles) character file.

Game seed: 5009772919329094210

669 Ast3rio the Blocker (level 7, -1/67 HPs)
             Began as a Minotaur Fighter on Feb 8, 2023.
             Slain by a small abomination (9 damage)
             ... on level 3 of the Dungeon.
             The game lasted 00:12:56 (2351 turns).

Ast3rio the Blocker (Minotaur Fighter)              Turns: 2351, Time: 00:12:57

Health: -1/67      AC: 11    Str: 23    XL:     7   Next: 32%
Magic:  5/5        EV: 11    Int:  5    God:
Gold:   111        SH:  5    Dex:  9    Spells: 6/6 levels left

rFire   . . .      SeeInvis .   j - staff of death
rCold   . . .      Faith    .   c - +0 buckler
rNeg    + . .      Spirit   .   b - +0 scale mail
rPois   .          Reflect  .   (helmet restricted)
rElec   .          Harm     .   (no cloak)
rCorr   .          Rampage  .   e - +2 pair of gloves
Will    .....      Clarity  +   (no boots)
Stlth   ..........              (no amulet)
HPRegen 0.00/turn               (no ring)
MPRegen 0.09/turn               (no ring)

@: mighty, sick
A: horns 2, retaliatory headbutt, clarity, low MP 1, inability to read after
injury 1
a: no special abilities


You were on level 3 of the Dungeon.
You visited 1 branch of the dungeon, and saw 3 of its levels.

You collected 118 gold pieces.
You donated 7 gold pieces to Zin.

Inventory:

Hand Weapons
 a - a +0 long sword
Armour
 b - a +0 scale mail (worn)
 c - a +0 buckler (worn)
 e - a +2 pair of gloves (worn)
Magical Staves
 j - a staff of death (weapon)
Jewellery
 i - an amulet of regeneration
Scrolls
 f - 2 scrolls of fear {unknown}
 g - a scroll of enchant weapon {unknown}
 k - a scroll of teleportation {unknown}
 l - 3 scrolls of vulnerability {unknown}
 m - 2 scrolls of enchant armour {unknown}
 n - a scroll of poison {unknown}
 o - 5 scrolls of identify {unknown}
 p - a scroll of noise {unknown}
Potions
 d - a potion of might
 h - a potion of mutation
 q - a potion of curing {unknown}
 r - a potion of attraction {unknown}


   Skills:
 + Level 7.7 Fighting
 + Level 2.9 Long Blades
 + Level 6.5 Staves
 + Level 7.9 Armour
 + Level 5.5 Dodging
 + Level 0.2 Stealth
 + Level 8.1 Shields


You had 6 spell levels left.
You didn't know any spells.
Your spell library contained the following spells:

 Spells                   Type           Power      Damage    Failure   Level
 Ignite Poison            Fire/Tmut/Pois 0%         N/A       99%         3
 Mephitic Cloud           Conj/Pois/Air  0%         N/A       99%         3
 Freezing Cloud           Conj/Ice/Air   0%         6-21      100%        5


Dungeon Overview and Level Annotations

Branches:
Dungeon (3/15)

Altars:
Cheibriados
Zin

Shops:
D:3 =

Portals:
Abyss: D:3

Annotations:
D:1 2 runed translucent doors
D:3 1 transporter


Innate Abilities, Weirdness & Mutations

You have a pair of horns on your head.
You reflexively headbutt those who attack you in melee.
You possess an exceptional clarity of mind.
Your magical capacity is low. (-10% MP)
You occasionally lose the ability to read scrolls when taking damage.


Message History

You hit the ancient zyme but do no damage.
The ancient zyme is heavily damaged.
The ancient zyme hits you.
* * * LOW HITPOINT WARNING * * *
You block the ancient zyme's attack. Saba's ghost hits you.
* * * LOW HITPOINT WARNING * * *
You hit the ancient zyme. You headbutt the ancient zyme!!
You destroy the ancient zyme!
Saba's ghost hits you.
* * * LOW HITPOINT WARNING * * *
You have reached level 7!
You block Saba's ghost's attack. Saba's ghost barely misses you.
Saba's ghost whispers, "They're coming for you..."
Saba's ghost hits you but does no damage.
You closely miss Saba's ghost.
Saba's ghost hits you but does no damage.
You hit Saba's ghost but do no damage.
Saba's ghost hits you but does no damage.
You closely miss Saba's ghost. Saba's ghost closely misses you.
You barely miss Saba's ghost.
You headbutt Saba's ghost, but do no damage.
Saba's ghost hits you.
* * * LOW HITPOINT WARNING * * *
You closely miss Saba's ghost. You headbutt Saba's ghost!!
Saba's ghost is almost destroyed.
You barely miss Saba's ghost.
Saba's ghost is almost destroyed.
You block Saba's ghost's attack.
You hit Saba's ghost. You headbutt Saba's ghost.
You destroy Saba's ghost!
Your Shields skill increases to level 8!
You hit the small abomination!
The small abomination is moderately damaged.
The small abomination hits you.
* * * LOW HITPOINT WARNING * * *
You hit the small abomination but do no damage.
The small abomination is moderately damaged.
The small abomination hits you!
You die...

#########.............(.#
#..[.................#
#.....©..............#
#...####.......###...#
#...#.©###...###[##..#
#...###..##..##.#.#.(# ##
#....#.##.####...##..# ..
#...##.#....∩...##...# .#
##..##...###.#.@##....##.#
#...#..#.#....#x#.....#..#
#...###.^.###..[###.....#
#....##..##©###.. ##...#######
#....##. #....##.#.#.........#.
#...##.#.###...##..#...#####...
#.†.#.###..##..##.##...# ##.. #
#...##...#.5#..#..#....# #... .
#....####:.##..##5#....##..#####


You could see a small abomination.

Vanquished Creatures
  An ancient zyme (D:3)
  The ghost of Saba the Shooter, an amateur GrHu (D:3)
  A jelly (D:3)
  Jessica (D:2)
  Natasha (twice) (D:2)
  An orc wizard (D:3)
  5 adders
  2 worms (D:2)
  3 dart slugs
  4 orcs (D:3)
  3 ball pythons
  6 endoplasms
  3 giant cockroaches
  3 goblins
  4 hobgoblins
  6 jackals
  4 quokkas
  7 bats
  2 frilled lizards (D:3)
  4 kobolds
  4 rats
67 creatures vanquished.

Vanquished Creatures (others)
  A goblin (D:2)
  8 plants (D:2)
9 creatures vanquished.

Grand Total: 76 creatures vanquished

Notes
Turn   | Place    | Note
-------+----------+-------------------------------------------
     0 | D:1      | Ast3rio the Minotaur Fighter began the quest for the Orb.
     0 | D:1      | Reached XP level 1. HP: 19/19 MP: 0/0
    54 | D:1      | Found a large runed translucent door.
    54 | D:1      | Found a large runed translucent door.
    58 | D:1      | Noticed a troll
    77 | D:1      | Reached XP level 2. HP: 7/27 MP: 1/1
   251 | D:1      | Reached skill level 4 in Shields
   812 | D:2      | Reached XP level 3. HP: 31/33 MP: 2/2
   989 | D:2      | Noticed Natasha
   995 | D:2      | Killed Natasha
   996 | D:2      | Reached skill level 1 in Staves
   996 | D:2      | Reached XP level 4. HP: 31/41 MP: 3/3
  1224 | D:2      | Noticed Natasha
  1235 | D:2      | Killed Natasha
  1241 | D:2      | Reached skill level 5 in Dodging
  1241 | D:2      | Reached skill level 7 in Shields
  1241 | D:2      | Reached XP level 5. HP: 9/52 MP: 4/4
  1242 | D:2      | Gained mutation: You occasionally lose the ability to read
                  | scrolls when taking damage. [potion of mutation]
  1242 | D:2      | Gained mutation: You possess an exceptional clarity of
                  | mind. [potion of mutation]
  1242 | D:2      | Gained mutation: Your magical capacity is low. (-10% MP)
                  | [potion of mutation]
  1455 | D:2      | Noticed Jessica
  1474 | D:2      | Killed Jessica
  1561 | D:2      | Reached XP level 6. HP: 60/60 MP: 4/4
  1712 | D:3      | Found a glowing silver altar of Zin.
  1738 | D:3      | Became a worshipper of Zin the Law-Giver
  1771 | D:3      | Fell from the grace of Zin
  1813 | D:3      | Found Qaphaw's Jewellery Shoppe.
  1909 | D:3      | Found a snail-covered altar of Cheibriados.
  2135 | D:3      | Found a transporter.
  2156 | D:3      | Found a transporter.
  2168 | D:3      | Noticed a small abomination
  2177 | D:3      | Found a one-way gate to the infinite horrors of the Abyss.
  2177 | D:3      | Noticed Saba's ghost (amateur GrHu)
  2182 | D:3      | Noticed an ancient zyme
  2336 | D:3      | Killed an ancient zyme
  2337 | D:3      | Reached XP level 7. HP: 18/67 MP: 5/5
  2346 | D:3      | Killed Saba's ghost
  2347 | D:3      | Reached skill level 8 in Shields
  2351 | D:3      | Slain by a small abomination

Illustrated notes

Levels and vault maps discovered:
D:1:      erik_arrival_cave_to_civilisation [erik_arrival_cave_to_temple],
          layout_loops_ring, minmay_misc_feat_pillars
D:2:      layout_loops_corners, serial_bayou_lagoon_b, uniq_natasha,
          uniq_jessica, uniq_crazy_yiuf_cottage
D:3:      layout_rooms, overflow_temple_1_default, cheibriados_altar_1,
          serial_shops, shop, gammafunk_ghost_abyssal_escape,
          minmay_fractal_squares_diagonal_5

Skill      XL: |  1  2  3  4  5  6  7 |
---------------+----------------------+-----
Shields        | 4 7 8 |  8.1
Fighting       | 4 7 |  7.7
Armour         | 4 7 |  7.9
Staves         | 1 6 |  6.5
Dodging        | 5 |  5.5
Long Blades    | |  2.9
Stealth        | |  0.2

Action                   |  1- 3 |  4- 6 |  7- 9 || total
-------------------------+-------+-------+-------++-------
Melee: Long sword        |     5 |    12 |       ||    17
       Headbutt          |    10 |    27 |     3 ||    40
       Staff             |    73 |    85 |     9 ||   167
Invok: Renounce Religion |       |     1 |       ||     1
  Use: Potion            |       |     6 |       ||     6
Armor: Scale mail        |    48 |    86 |     3 ||   137
Dodge: Dodged            |    43 |    77 |     2 ||   122
Block: Buckler           |    22 |    44 |     2 ||    68
